 Dungeon Crawl Stone Soup version 0.15.0-8-gb109cf8 (webtiles) character file.

68 Kashira the Sneak (level 4, 0/37 HPs)
             Began as a Naga Enchanter on Aug 30, 2014.
             Slain by a kobold
             ... wielding a +0 short sword
              (7 damage)
             ... on Level 2 of the Dungeon.
             The game lasted 00:09:50 (1632 turns).

Kashira the Sneak (Naga Enchanter)                  Turns: 1632, Time: 00:09:50

HP   0/37        AC  2     Str 10      XL: 4   Next: 19%
MP   8/8         EV 10     Int 16      God:
Gold 61          SH  0     Dex 12      Spells:  3 memorised,  2 levels left

rFire  . . .     SeeInvis +     a - +1 dagger
rCold  . . .     Clarity  .     k - +0 leather armour
rNeg   . . .     rCorr    .     (no shield)
rPois  +         rRot     .     (no helmet)
rElec  .         Spirit   .     (no cloak)
SustAb .         Warding  .     (no gloves)
rMut   .         Stasis   .     (no barding)
Gourm  .                        (no amulet)
MR     .....                    (no ring)
                                (no ring)

@: short of breath, very slow, not resistant to hostile enchantments, fairly
stealthy
A: spit poison, see invisible, deformed body, poison resistance, slowness 2, AC
+1
a: Spit Poison


You were on level 2 of the Dungeon.
You were hungry.

You visited 1 branch of the dungeon, and saw 2 of its levels.

You collected 61 gold pieces.

Inventory:

Hand weapons
 a - a +1 dagger (weapon)
Missiles
 p - 19 stones (quivered)
Armour
 b - a +1 robe
 h - a +0 ring mail
 k - a +0 leather armour (worn)
Comestibles
 d - a bread ration
 f - a beef jerky
 n - 2 meat rations
 q - a chunk of bat flesh
Scrolls
 e - a scroll of random uselessness {unknown}
 i - a scroll of blinking {unknown}
 j - a scroll of identify {unknown}
 l - 2 scrolls of remove curse
 m - a scroll of recharging {unknown}
Jewellery
 o - a +2 ring of evasion {unknown}
Potions
 g - a potion of degeneration {unknown}
Books
 c - a book of Maledictions

   Spells                             Type                      Level
   *Corona                            Hexes                        1
   *Sure Blade                        Hexes/Charms                 2
   *Ensorcelled Hibernation           Hexes/Ice                    2
   Confuse                            Hexes                        3
   Dazzling Spray                     Conjuration/Hexes            3
   Enslavement                        Hexes                        4


   Skills:
 + Level 0.4 Fighting
 + Level 1.1 Short Blades
 + Level 0.2 Armour
 + Level 2.2 Dodging
 + Level 4.9 Stealth
 + Level 2.4 Spellcasting
 + Level 3.6 Hexes
 + Level 0.2 Charms


You had 2 spell levels left.
You knew the following spells:

 Your Spells              Type           Power        Failure   Level  Hunger
a - Corona                Hex            ##.....      6%          1    #......
b - Ensorcelled Hibernat  Hex/Ice        #.....       17%         2    ##.....
c - Sure Blade            Hex/Chrm       #.........   14%         2    ##.....


Dungeon Overview and Level Annotations

Branches:
Dungeon (2/15)

Altars:


Innate Abilities, Weirdness & Mutations

You cannot wear boots.
You can spit poison.
Your serpentine skin is tough (AC +1).
You have supernaturally acute eyesight.
Armour fits poorly on your strangely shaped body.
Your system is resistant to poisons.
You cover ground very slowly.


Message History

You start butchering the bat corpse.
You continue butchering the corpse.
You continue butchering the corpse. x2
You finish butchering the bat corpse.
q - a chunk of bat flesh You start resting.
The kobold shouts!
The kobold throws a stone.
The stone hits you.
* * * LOW HITPOINT WARNING * * *
The kobold throws a stone.
The stone hits you.
* * * LOW HITPOINT WARNING * * *
Use which ability? (? or * to list)
Press: ? - help, Shift-Dir - straight line, f - kobold
Aim: a kobold, wielding a short sword The splash of poison misses the kobold.
You are feeling hungry.
The kobold throws a stone.
The stone hits you but does no damage. The kobold hits you with a short sword.
* * * LOW HITPOINT WARNING * * *
The kobold hits you with a short sword!
You die...

## ###### .## #.......# ..#
#.......# #### . ###.......#
...# ... .........# ##.# ....
#.......# ⌠#.# .....##.......#
.. .#.# ...............#.....
##.# #..(@...##..... ...#
#####K###....... ##.# ####.#
#........ .#.#
##....###......... .#.# #
#)%##.##..........
'#.#...h.####........%........
...#.........................#
'#.#.......###.......#......##
.#.# ..... #.......#.######


You could see a kobold.

Vanquished Creatures
  2 adders (D:2)
  A giant mite (D:1)
  A giant gecko (D:2)
  2 oozes
  2 ball pythons
  5 bats
  3 giant cockroaches
  4 hobgoblins
  A jackal (D:2)
  2 quokkas (D:2)
  3 giant newts (D:1)
  5 goblins
  7 kobolds
  2 rats (D:1)
40 creatures vanquished.

Notes
Turn   | Place    | Note
--------------------------------------------------------------
     0 | D:1      | Kashira, the Naga Enchanter, began the quest for the Orb.
     0 | D:1      | Reached XP level 1. HP: 15/15 MP: 3/3
   295 | D:1      | Reached XP level 2. HP: 22/22 MP: 4/4
   299 | D:1      | Learned a level 2 spell: Ensorcelled Hibernation
   308 | D:1      | Learned a level 2 spell: Sure Blade
   810 | D:2      | Reached XP level 3. HP: 30/30 MP: 6/6
  1486 | D:2      | Reached XP level 4. HP: 8/37 MP: 2/8
  1632 | D:2      | Slain by a kobold

Action                   |  1- 3 |  4- 6 || total
-------------------------+-------+-------++-------
Melee: Dagger            |    79 |    13 ||    92
 Cast: Sure Blade        |     8 |     1 ||     9
       Corona            |     8 |       ||     8
 Abil: Spit Poison       |    39 |     3 ||    42
  Use: Scroll            |       |     1 ||     1
 Stab: Sleeping          |     1 |       ||     1
  Eat: Chunk             |     4 |     1 ||     5
